2872 views
Uploaded 2020-11-30 19:45:05
Game version 1.32.9
9:43 long 1on1 custom game on (2)LastRefuge
Game name "w3c-10-6lkxK_tg-"
Saved by exL
2872 views
Uploaded 2020-11-30 19:45:05
Game version 1.32.9
9:43 long 1on1 custom game on (2)LastRefuge
Game name "w3c-10-6lkxK_tg-"

24 units @ 2.9k
/ 0.1k
12 buildings @ 1.3k
/ 0.5k


| Scroll of Regeneration | 4 | 400 |
| Potion of Healing | 2 | 300 |
| total: | 6 | 700g |
| Peasant | 11 | 825 | / | 0 |
| Footman | 8 | 1080 | / | 0 |
| Rifleman | 5 | 1025 | / | 150 |
| total: | 24 | 2930g | / | 150w |
| Scout Tower | 1 | 30 | / | 20 |
| Arcane Tower | 1 | 70 | / | 50 |
| Altar of Kings | 1 | 180 | / | 50 |
| Farm | 6 | 480 | / | 120 |
| Barracks | 1 | 160 | / | 60 |
| Blacksmith | 1 | 140 | / | 60 |
| Arcane Vault | 1 | 130 | / | 30 |
| Arcane Sanctum | 1 | 150 | / | 140 |
| Keep | 1 | 320 | / | 210 |
| total: | 12 | 1270g | / | 480w |
| 0:01 | Peasant |
| 0:03 | Altar of Kings |
| 0:11 | Peasant |
| 0:17 | Farm |
| 0:19 | Barracks |
| 0:22 | Peasant |
| 0:42 | Peasant |
| 0:55 | Farm |
| 0:58 | Peasant |
| 1:15 | Peasant |
| 1:22 | Footman |
| 1:29 | Peasant |
| 1:34 | Farm |
| 1:40 | Scout Tower |
| 1:42 | Peasant |
| 1:48 | Footman |
| 1:54 | Peasant |
| 2:02 | Summon Water Elemental |
| 2:03 | Summon Water Elemental |
| 2:08 | Arcane Tower |
| 2:10 | Peasant |
| 2:29 | Peasant |
| 2:30 | Footman |
| 3:20 | Footman |
| 3:21 | Keep |
| 3:39 | Blacksmith |
| 3:50 | Footman |
| 4:02 | Arcane Vault |
| 4:19 | Footman |
| 5:04 | Rifleman |
| 5:12 | Scroll of Regeneration |
| 5:23 | Rifleman |
| 5:31 | Rifleman |
| 5:31 | Footman |
| 5:41 | Farm |
| 5:42 | Farm |
| 5:52 | Scroll of Regeneration |
| 6:24 | Farm |
| 6:47 | Rifleman |
| 7:08 | Arcane Sanctum |
| 7:19 | Scroll of Regeneration |
| 7:22 | Storm Bolt |
| 7:23 | Brilliance Aura |
| 7:49 | Rifleman |
| 8:51 | Scroll of Regeneration |
| 8:53 | Potion of Healing |
| 8:56 | Potion of Healing |
| 9:02 | Footman |
| Right click | 991 |
| Select group | 408 |
| Select | 290 |
| Chat | 197 |
| Build/train/purchase | 109 |
| Misc. action | 100 |
| Assign group | 53 |
| Use ability | 5 |
| Remove unit | 2 |
| Item give/drop | 1 |
17 units @ 2.3k
/ 0k
9 buildings @ 1.5k
/ 0.4k


| Healing Salve | 2 | 200 |
| Scroll of Speed | 1 | 50 |
| Lesser Clarity Potion | 1 | 70 |
| total: | 4 | 320g |
| Peon | 8 | 600 | / | 0 |
| Grunt | 7 | 1400 | / | 0 |
| Shaman | 2 | 260 | / | 40 |
| total: | 17 | 2260g | / | 40w |
| Altar of Storms | 1 | 180 | / | 50 |
| Orc Burrow | 4 | 640 | / | 160 |
| Barracks | 1 | 180 | / | 50 |
| Voodoo Lounge | 1 | 130 | / | 30 |
| War Mill | 1 | 205 | / | 0 |
| Spirit Lodge | 1 | 150 | / | 150 |
| Stronghold | 1 | 315 | / | 190 |
| total: | 9 | 1485g | / | 440w |
| 0:02 | Peon |
| 0:04 | Altar of Storms |
| 0:05 | Peon |
| 0:05 | Peon |
| 0:16 | Orc Burrow |
| 0:18 | Peon |
| 0:38 | Barracks |
| 0:47 | Peon |
| 1:00 | Peon |
| 1:09 | Peon |
| 1:22 | Orc Burrow |
| 1:38 | Grunt |
| 1:49 | Peon |
| 2:05 | Feral Spirit |
| 2:28 | Stronghold |
| 3:56 | Voodoo Lounge |
| 3:57 | Grunt |
| 3:58 | Grunt |
| 5:10 | Orc Burrow |
| 5:12 | Spirit Lodge |
| 5:53 | Orc Burrow |
| 5:54 | War Mill |
| 5:57 | Berserker Strength |
| 6:05 | Endurance Aura |
| 6:07 | Healing Salve |
| 6:07 | Healing Salve |
| 6:08 | Scroll of Speed |
| 6:18 | Lesser Clarity Potion |
| 6:54 | Shaman |
| 6:54 | Shaman |
| 6:55 | Shaman Adept Training |
| 6:56 | Grunt |
| 6:57 | Grunt |
| 7:23 | Steel Armor |
| 7:27 | Grunt |
| 8:35 | War Stomp |
| 8:42 | Chain Lighting |
| 8:57 | Grunt |
| Right click | 349 |
| Select | 184 |
| Build/train/purchase | 42 |
| Misc. action | 36 |
| Select group | 32 |
| Chat | 32 |
| Assign group | 17 |
| Use ability | 12 |
| Remove unit | 1 |